 Dungeon Crawl Stone Soup version 0.23.2-40-g277498a001 (webtiles) character file.

Game seed: 10282855317577326095

1829 Volwe the Cleaver (level 8, -4/73 HPs)
             Began as a Deep Dwarf Fighter on Oct 2, 2019.
             Was an Initiate of Makhleb.
             Slain by a two-headed ogre
             ... wielding a +0 dire flail
              (8 damage)
             ... on level 6 of the Dungeon on Oct 5, 2019.
             The game lasted 01:02:02 (5357 turns).

Volwe the Cleaver (Deep Dwarf Fighter)              Turns: 5357, Time: 01:02:03

Health: -4/73      AC: 13    Str: 23    XL:     8   Next: 86%
Magic:  4/4        EV:  5    Int:  8    God:    Makhleb [......]
Gold:   232        SH: 11    Dex: 12    Spells: 7/7 levels left

rFire    . . .     SeeInvis +   D - +0 war axe (vamp)
rCold    . . .     Gourm    .   c - +0 shield
rNeg     + . .     Faith    +   p - +0 plate armour
rPois    .         Spirit   .   m - +0 helmet
rElec    .         Reflect  .   o - scarf {repulsion}
rCorr    .         Harm     .   (no gloves)
MR       +....                  (no boots)
Stlth    ..........             C - amulet of faith
HPRegen  0.00/turn              s - ring of see invisible
MPRegen  0.09/turn              i - ring of positive energy

@: non-regenerating, repel missiles
A: damage resistance, heal wounds, sense surroundings 1, no regeneration
a: Heal Wounds, Renounce Religion


You were on level 6 of the Dungeon.
You worshipped Makhleb.
Makhleb was noncommittal.
You were not hungry.

You visited 2 branches of the dungeon, and saw 7 of its levels.

You collected 232 gold pieces.

Inventory:

Hand Weapons
 a - a +0 war axe
 D - a +0 vampiric war axe (weapon)
Missiles
 e - 296 stones
 j - a javelin (quivered)
 q - 69 arrows
Armour
 c - a +0 shield (worn)
 m - a +0 helmet (worn)
 o - a scarf of repulsion (worn)
 p - a +0 plate armour (worn)
Magical Staves
 J - an uncursed staff of air {unknown}
Jewellery
 d - an uncursed ring of flight
 i - a ring of positive energy (right hand)
 s - a ring of see invisible (left hand)
 w - an uncursed amulet of rage
 C - an amulet of faith (around neck)
Wands
 b - a wand of paralysis (9)
 G - a wand of iceblast (7)
Scrolls
 f - a scroll of fear
 g - a scroll of teleportation
 h - 3 scrolls of remove curse
Potions
 k - 3 potions of ambrosia
 n - 5 potions of curing
 r - a potion of heal wounds {unknown}
 u - a potion of cancellation
 z - a potion of brilliance {unknown}
 B - a potion of invisibility {unknown}
 E - a potion of haste {unknown}
 F - a potion of magic {unknown}
 I - a potion of flight {unknown}
Comestibles
 l - 4 rations
 t - 8 chunks of flesh


   Skills:
 - Level 4.4 Fighting
 + Level 9.2 Axes
 - Level 5.2 Armour
 + Level 7.4 Shields


You had 7 spell levels left.
You didn't know any spells.
Your spell library contained the following spells:

 Spells                   Type           Power        Failure   Level  Hunger
 Confusing Touch          Hex            #.....       100%        1    ##.....
 Confuse                  Hex            #.......     100%        3    ####...
 Gell's Gravitas          Tloc           #.........   100%        3    ####...
 Ice Form                 Ice/Tmut       #.......     100%        4    #####..
 Petrify                  Tmut/Erth      #.......     100%        4    #####..
 Metabolic Englaciation   Hex/Ice        #.........   100%        5    ######.
 Yara's Violent Unravell  Hex/Tmut       #.........   100%        5    ######.
 Bolt of Cold             Conj/Ice       #.........   100%        6    #######
 Freezing Cloud           Conj/Ice/Air   #.........   100%        6    #######
 Ozocubu's Refrigeration  Ice            #.........   100%        6    #######
 Simulacrum               Ice/Necr       #.........   100%        6    #######


Dungeon Overview and Level Annotations

Branches:
Dungeon (6/15)             Temple (1/1) D:4

Altars:
Ashenzari
Elyvilon
Fedhas
Gozag
Makhleb
Nemelex Xobeh
Okawaru
Qazlal
Ru
Sif Muna
Trog
Uskayaw
Vehumet
Wu Jian
Yredelemnul
Zin
The Shining One

Annotations:
D:5 1 runed translucent door, makkenr95's ghost, novice MiFi


Innate Abilities, Weirdness & Mutations

You are resistant to damage.
You can heal yourself by infusing magical energy.
You passively map a small area around you.
You do not regenerate.


Message History

You throw a javelin.
The javelin hits the two-headed ogre but does no damage.
The two-headed ogre is lightly wounded.
The two-headed ogre barely misses you.
The two-headed ogre hits you with a +0 giant club.
You hit the two-headed ogre.
You feel better.
The two-headed ogre is lightly wounded.
The two-headed ogre hits you with a +0 dire flail!!
The two-headed ogre completely misses you.
You hit the two-headed ogre.
You feel better.
The two-headed ogre is lightly wounded.
You slash the two-headed ogre!
The two-headed ogre is moderately wounded.
The two-headed ogre hits you but does no damage.
The two-headed ogre hits you with a +0 giant club!!
* * * LOW HITPOINT WARNING * * *
Your shield prevents you from hitting the two-headed ogre.
The two-headed ogre is moderately wounded.
The two-headed ogre hits you with a +0 dire flail!
You die...

#.# * #.# *** * ######.#
* ....##'######
............# *
............# *
............#
............###########.
................@O((.((.
##..##+#.###############*
##.##.#+### ##..#.....#
##############
#.........#
#...)........#
#.........#
#.#########.##
#.........# #.#......##.#
###.......# #.#.####.##.#
#..>..### #.#.# #.##.#


You could see a two-headed ogre.

Vanquished Creatures
  A two-headed ogre (D:6)
  Prince Ribbit (D:5)
  A water moccasin (D:4)
  3 ogres
  A scorpion (D:5)
  A crimson imp (D:5)
  A hound (D:6)
  A bullfrog zombie (D:5)
  An iguana (D:5)
  5 orc priests
  Jessica (D:2)
  An orc wizard (D:4)
  4 worker ants
  6 adders
  A shadow imp (D:5)
  2 oozes
  An adder skeleton (D:6)
  A worm (D:2)
  5 dart slugs
  4 leopard geckos
  14 orcs
  3 ball pythons
  3 giant cockroaches
  8 goblins
  4 hobgoblins
  2 jackals (D:3)
  A quokka (D:5)
  11 bats
  3 frilled lizards
  A kobold (D:1)
  2 quokka zombies (D:5)
  6 rats
100 creatures vanquished.

Notes
Turn   | Place    | Note
-------+----------+-------------------------------------------
     0 | D:1      | Volwe the Deep Dwarf Fighter began the quest for the Orb.
     0 | D:1      | Reached XP level 1. HP: 20/20 MP: 1/1
   235 | D:1      | Reached XP level 2. HP: 25/27 MP: 2/2
   345 | D:1      | Reached skill level 3 in Axes
   561 | D:1      | Reached XP level 3. HP: 18/34 MP: 3/3
  1247 | D:2      | Noticed Jessica
  1254 | D:2      | Killed Jessica
  1354 | D:2      | Reached XP level 4. HP: 23/42 MP: 4/4
  1388 | D:2      | Reached skill level 4 in Axes
  2557 | D:4      | Noticed an ogre
  2567 | D:4      | Killed an ogre
  2567 | D:4      | Reached skill level 5 in Axes
  2567 | D:4      | Reached XP level 5. HP: 16/50 MP: 5/5
  2648 | D:4      | Found a staircase to the Ecumenical Temple.
  2660 | Temple   | Entered the Ecumenical Temple
  3239 | D:4      | Reached XP level 6. HP: 53/57 MP: 6/6
  3438 | D:4      | HP: 1/57 [orc priest/divine providence (12)]
  3447 | D:4      | Reached skill level 6 in Axes
  3743 | D:5      | Entered Level 5 of the Dungeon
  3743 | D:5      | Noticed a water moccasin
  3772 | D:4      | Killed a water moccasin
  3772 | D:4      | Reached skill level 7 in Axes
  3772 | D:4      | Reached XP level 7. HP: 25/66 MP: 5/5
  3845 | D:5      | Found a burning altar of Makhleb.
  3881 | D:5      | Became a worshipper of Makhleb the Destroyer
  4003 | D:5      | Found a deep blue altar of Sif Muna.
  4161 | D:5      | Noticed Prince Ribbit
  4416 | D:5      | Found a runed translucent door.
  4454 | D:5      | Killed Prince Ribbit
  4454 | D:5      | Reached skill level 5 in Armour
  4454 | D:5      | Reached skill level 5 in Shields
  4454 | D:5      | Reached XP level 8. HP: 53/73 MP: 5/5
  5073 | D:5      | Found a hide-covered altar of Uskayaw.
  5129 | D:5      | Noticed makkenr95's ghost (novice MiFi)
  5235 | D:6      | Noticed a two-headed ogre
  5247 | D:6      | Killed a two-headed ogre
  5247 | D:6      | Reached skill level 9 in Axes
  5349 | D:6      | Noticed a two-headed ogre
  5357 | D:6      | Slain by a two-headed ogre

Skill      XL: |  1  2  3  4  5  6  7  8 |
---------------+-------------------------+-----
Fighting       | 3 4 |  4.4
Axes           | 3 5 7 9 |  9.2
Armour         | 5 |  5.2
Shields        | 5 7 |  7.4

Action                   |  1- 3 |  4- 6 |  7- 9 || total
-------------------------+-------+-------+-------++-------
Melee: War axe           |   102 |   170 |   126 ||   398
Throw: Javelin           |       |    10 |    36 ||    46
 Abil: Heal Wounds       |       |     4 |     7 ||    11
       Evoke Berserk Rag |       |     1 |       ||     1
  Use: Potion            |     1 |     1 |     2 ||     4
       Scroll            |       |     2 |     9 ||    11
  Eat: Ration            |     1 |     1 |     3 ||     5
       Chunk             |       |     3 |     1 ||     4
Armor: Scale mail        |    51 |    25 |       ||    76
       Plate armour      |       |    66 |    68 ||   134
Dodge: Dodged            |    46 |    36 |    18 ||   100
Block: Shield            |    63 |   101 |    60 ||   224
